TOP OF THE 1ST |
Oklahoma State University Cowboys batting - Pitching for Clemson University Tigers : RHP Alex Rivas
|
Pitching: RHP Alex Rivas
|
|
Batting: RHB Ji-an See-to
|
0-0: Swinging Strike 0-1: Swinging Strike 0-2: Strikes out swinging
|
Batting: SHB Mel Gonzalez
|
0-0: Ball 1-0: Ball 2-0: Foul Ball, location: 2F 2-1: Ball 3-1: Base on Balls
|
Batting: RHB Ben Saxton
|
0-0: Foul Ball, location: 2F 0-1: Ball 1-1: Grounds into double play, 4-6-3 (Groundball, 34, EV 85.6 MPH)
|
Top of the 1st over - 0 runs, 0 hits, 0 errors, 0 left on base; Oklahoma State University 0 - Clemson University 0 |
BOTTOM OF THE 1ST |
Clemson University Tigers batting - Pitching for Oklahoma State University Cowboys : RHP Cole Roome
|
Pitching: RHP Cole Roome
|
|
Batting: RHB Josh LeSage
|
0-0: Ball 1-0: Swinging Strike 1-1: Ball 2-1: Swinging Strike 2-2: Ball 3-2: Foul Ball, location: 2F 3-2: Strikes out looking
|
Batting: LHB Jayden Pelayo
|
0-0: Ball 1-0: Ball 2-0: Called Strike 2-1: Ball 3-1: DOUBLE (Line Drive, 7LS, EV 108.8 MPH)
|
Batting: RHB Chris Prinzing
|
0-0: Called Strike 0-1: Swinging Strike 0-2: Ball 1-2: SINGLE (Flyball, 5D, EV 89.4 MPH) Jayden Pelayo to third
|
Batting: RHB Jason Duncan
|
0-0: Swinging Strike 0-1: Swinging Strike 0-2: Fly out, F8 (Line Drive, 78M, EV 90.0 MPH) Runner from 3rd tags up, SCORES, throw by CF
|
Batting: LHB Alonzo Catalan
|
0-0: Called Strike 0-1: Swinging Strike 0-2: Fielders Choice at 2nd, 6-4 (Groundball, 6, EV 85.6 MPH)
|
Bottom of the 1st over - 1 run, 2 hits, 0 errors, 1 left on base; Oklahoma State University 0 - Clemson University 1 |
TOP OF THE 2ND |
Oklahoma State University Cowboys batting - Pitching for Clemson University Tigers : RHP Alex Rivas
|
Batting: LHB Rafael Banda
|
0-0: Ball 1-0: Foul Ball, location: 2F 1-1: Ball 2-1: Swinging Strike 2-2: Ball 3-2: Strikes out swinging
|
Batting: RHB Ivan Torres
|
0-0: Swinging Strike 0-1: Ground out 6-3 (Groundball, 6M, EV 108.8 MPH)
|
Batting: LHB Vecdi Ertegun
|
0-0: Fly out, F8 (Line Drive, 8LM, EV 89.4 MPH)
|
Top of the 2nd over - 0 runs, 0 hits, 0 errors, 0 left on base; Oklahoma State University 0 - Clemson University 1 |
BOTTOM OF THE 2ND |
Clemson University Tigers batting - Pitching for Oklahoma State University Cowboys : RHP Cole Roome
|
Batting: LHB Victor Reyna
|
0-0: Ball 1-0: Ball 2-0: Ground out U3 (Groundball, 34, EV 102.5 MPH)
|
Batting: RHB Neal Perucci
|
0-0: Ball 1-0: Called Strike 1-1: Called Strike 1-2: Strikes out swinging
|
Batting: RHB Donovan Deason
|
0-0: Called Strike 0-1: Fly out, F7 (Flyball, 7, EV 91.9 MPH)
|
Bottom of the 2nd over - 0 runs, 0 hits, 0 errors, 0 left on base; Oklahoma State University 0 - Clemson University 1 |
TOP OF THE 3RD |
Oklahoma State University Cowboys batting - Pitching for Clemson University Tigers : RHP Alex Rivas
|
Batting: RHB Pedro Luera
|
0-0: Foul Ball, location: 2F 0-1: Ground out 1-3 (Groundball, 13S, EV 69.4 MPH)
|
Batting: LHB Gong Tow
|
0-0: Ball 1-0: Swinging Strike 1-1: Ball 2-1: Foul Ball, location: 2F 2-2: Strikes out looking
|
Batting: RHB Hidemitsu Matsuno
|
0-0: Ball 1-0: Ball 2-0: Called Strike 2-1: Ball 3-1: Fly out, F8 (Line Drive, 8RM, EV 98.1 MPH)
|
Top of the 3rd over - 0 runs, 0 hits, 0 errors, 0 left on base; Oklahoma State University 0 - Clemson University 1 |
BOTTOM OF THE 3RD |
Clemson University Tigers batting - Pitching for Oklahoma State University Cowboys : RHP Cole Roome
|
Batting: RHB Ryan Thurston
|
0-0: Ball 1-0: Ball 2-0: Foul Ball, location: 2F 2-1: Ball 3-1: Called Strike 3-2: SINGLE (Groundball, 6M, EV 86.2 MPH) (infield hit)
|
Pitching: RHP Franck Basset
|
|
Batting: RHB Josh LeSage
|
0-0: Grounds into double play, 6-4-3 (Groundball, 6, EV 99.4 MPH)
|
Batting: LHB Jayden Pelayo
|
0-0: Ball 1-0: Ball 2-0: Swinging Strike 2-1: SOLO HOME RUN (Flyball, 8RXD, EV 116.2 MPH), Distance : 441 ft
|
Batting: RHB Chris Prinzing
|
0-0: Called Strike 0-1: Ball 1-1: Swinging Strike 1-2: Ball 2-2: Foul Ball, location: 2F 2-2: Ball 3-2: Foul Ball, location: 2F 3-2: Fly out, F7 (Flyball, 7, EV 80.6 MPH)
|
Bottom of the 3rd over - 1 run, 2 hits, 0 errors, 0 left on base; Oklahoma State University 0 - Clemson University 2 |
TOP OF THE 4TH |
Oklahoma State University Cowboys batting - Pitching for Clemson University Tigers : RHP Alex Rivas
|
Batting: RHB Ji-an See-to
|
0-0: Ball 1-0: Foul Ball, location: 2F 1-1: Ball 2-1: Called Strike 2-2: Ground out 6-3 (Groundball, 6, EV 82.5 MPH)
|
Batting: SHB Mel Gonzalez
|
0-0: Called Strike 0-1: Foul Ball, location: 2F 0-2: Foul Ball, location: 2F 0-2: SINGLE (Groundball, 56D, EV 102.5 MPH)
|
Batting: RHB Ben Saxton
|
0-0: Foul Ball, location: 2F 0-1: Grounds into double play, 4-6-3 (Groundball, 4M, EV 80.0 MPH)
|
Top of the 4th over - 0 runs, 1 hit, 0 errors, 0 left on base; Oklahoma State University 0 - Clemson University 2 |
BOTTOM OF THE 4TH |
Clemson University Tigers batting - Pitching for Oklahoma State University Cowboys : RHP Franck Basset
|
Batting: RHB Jason Duncan
|
0-0: Called Strike 0-1: Ball 1-1: Foul Ball, location: 2F 1-2: Ball 2-2: Ground out 4-3 (Groundball, 34, EV 101.2 MPH)
|
Batting: LHB Alonzo Catalan
|
0-0: Ball 1-0: Ball 2-0: Ball 3-0: Called Strike 3-1: SINGLE (Groundball, 4M, EV 104.4 MPH) (infield hit)
|
Batting: LHB Victor Reyna
|
0-0: Ball Alonzo Catalan steals 2nd base (no throw) 1-0: Called Strike 1-1: Fly out, F5 (Popup, 5S, EV 81.9 MPH)
|
Batting: RHB Neal Perucci
|
0-0: Swinging Strike 0-1: Ball 1-1: SINGLE (Groundball, 56D, EV 101.2 MPH) Alonzo Catalan to third Runner from 3rd tries for Home, SAFE, throw by LF to home
|
Batting: RHB Donovan Deason
|
0-0: Ground out 4-3 (Groundball, 4, EV 84.4 MPH)
|
Bottom of the 4th over - 1 run, 2 hits, 0 errors, 1 left on base; Oklahoma State University 0 - Clemson University 3 |
TOP OF THE 5TH |
Oklahoma State University Cowboys batting - Pitching for Clemson University Tigers : RHP Alex Rivas
|
Batting: LHB Rafael Banda
|
0-0: Ball 1-0: Ball 2-0: Ground out U3 (Groundball, 3, EV 99.4 MPH)
|
Batting: RHB Ivan Torres
|
0-0: Ball 1-0: Called Strike 1-1: Swinging Strike 1-2: SINGLE (Groundball, 56S, EV 73.8 MPH) (infield hit)
|
Batting: LHB Vecdi Ertegun
|
0-0: Called Strike 0-1: Fly out, F8 (Flyball, 8LM, EV 95.0 MPH)
|
Batting: RHB Pedro Luera
|
0-0: 2-RUN HOME RUN (Flyball, 7LD, EV 93.1 MPH), Distance : 334 ft
|
Batting: LHB Gong Tow
|
0-0: Ball 1-0: SINGLE (Line Drive, 8LS, EV 102.5 MPH)
|
Batting: RHB Hidemitsu Matsuno
|
0-0: Foul Ball, location: 2F 0-1: Foul Ball, location: 2F 0-2: Ground out 4-3 (Groundball, 4, EV 91.9 MPH)
|
Top of the 5th over - 2 runs, 3 hits, 0 errors, 1 left on base; Oklahoma State University 2 - Clemson University 3 |
BOTTOM OF THE 5TH |
Clemson University Tigers batting - Pitching for Oklahoma State University Cowboys : RHP Franck Basset
|
Batting: RHB Ryan Thurston
|
0-0: Ball 1-0: Swinging Strike 1-1: Called Strike 1-2: Ball 2-2: SINGLE (Groundball, 56S, EV 68.8 MPH) (infield hit)
|
Pitching: RHP Tahir Montazeri
|
|
Batting: RHB Josh LeSage
|
0-0: Bunt - Flyout to 15! F1
|
Batting: LHB Jayden Pelayo
|
0-0: Ball 1-0: Called Strike 1-1: Ball 2-1: Foul Ball, location: 2F 2-2: Strikes out swinging
|
Batting: RHB Chris Prinzing
|
0-0: Ball 1-0: SINGLE (Line Drive, 4D, EV 98.1 MPH) Ryan Thurston to second Runner from 2nd tries for 3rd, SAFE, throw by RF made to third
|
Batting: RHB Jason Duncan
|
0-0: Swinging Strike 0-1: Ball 1-1: Swinging Strike 1-2: Strikes out swinging
|
Bottom of the 5th over - 0 runs, 2 hits, 0 errors, 2 left on base; Oklahoma State University 2 - Clemson University 3 |
TOP OF THE 6TH |
Oklahoma State University Cowboys batting - Pitching for Clemson University Tigers : RHP Alex Rivas
|
Batting: RHB Ji-an See-to
|
0-0: Ball 1-0: Foul Ball, location: 2F 1-1: Ball 2-1: Foul Ball, location: 2F 2-2: Strikes out swinging, 2-3 out at first.
|
Batting: SHB Mel Gonzalez
|
0-0: Ball 1-0: Ball 2-0: SINGLE (Line Drive, 4M, EV 94.4 MPH)
|
Batting: RHB Ben Saxton
|
0-0: 2-RUN HOME RUN (Flyball, 9D, EV 96.9 MPH), Distance : 378 ft
|
Batting: LHB Rafael Banda
|
0-0: Called Strike 0-1: Ball 1-1: Ball 2-1: Foul Ball, location: 2F 2-2: Fly out, F7 (Flyball, 78M, EV 94.4 MPH)
|
Batting: RHB Ivan Torres
|
0-0: Ground out 6-3 (Groundball, 6, EV 81.2 MPH)
|
Top of the 6th over - 2 runs, 2 hits, 0 errors, 0 left on base; Oklahoma State University 4 - Clemson University 3 |
BOTTOM OF THE 6TH |
Clemson University Tigers batting - Pitching for Oklahoma State University Cowboys : RHP Tahir Montazeri
|
Batting: LHB Alonzo Catalan
|
0-0: Called Strike 0-1: Foul Ball, location: 2F 0-2: Ground out 6-3 (Groundball, 6, EV 83.1 MPH)
|
Pinch Hitting: RHB Juan Barela
|
0-0: Called Strike 0-1: Swinging Strike 0-2: Foul Ball, location: 2F 0-2: Ball 1-2: Fly out, F8 (Flyball, 8RD, EV 103.1 MPH)
|
Batting: RHB Neal Perucci
|
0-0: Ball 1-0: Fly out, F9 (Flyball, 9, EV 89.4 MPH)
|
Bottom of the 6th over - 0 runs, 0 hits, 0 errors, 0 left on base; Oklahoma State University 4 - Clemson University 3 |
TOP OF THE 7TH |
Oklahoma State University Cowboys batting - Pitching for Clemson University Tigers : RHP Alex Rivas
|
Now at 1B: John Rumbolt
|
|
Now in LF: Jason Duncan
|
|
Batting: LHB Vecdi Ertegun
|
0-0: Ball 1-0: Ball 2-0: Called Strike 2-1: Foul Ball, location: 2F 2-2: Strikes out swinging
|
Batting: RHB Pedro Luera
|
0-0: Called Strike 0-1: Ball 1-1: Ball 2-1: Ball 3-1: Foul Ball, location: 2F 3-2: SINGLE (Groundball, 3D, EV 115.6 MPH)
|
Pitching: LHP Brian Anderson
|
|
Batting: LHB Gong Tow
|
0-0: Ball 1-0: Ball 2-0: Called Strike 2-1: Foul Ball, location: 2F 2-2: Fly out, F8 (Flyball, 8RXD, EV 81.2 MPH) Runner from 1st tags up, SAFE at 2nd
|
Batting: RHB Hidemitsu Matsuno
|
0-0: Ground out 6-3 (Groundball, 6, EV 103.8 MPH)
|
Top of the 7th over - 0 runs, 1 hit, 0 errors, 1 left on base; Oklahoma State University 4 - Clemson University 3 |
BOTTOM OF THE 7TH |
Clemson University Tigers batting - Pitching for Oklahoma State University Cowboys : RHP Tahir Montazeri
|
Pitching: RHP Bin Li
|
|
Batting: RHB Donovan Deason
|
0-0: Called Strike 0-1: Called Strike 0-2: Strikes out looking
|
Batting: RHB Ryan Thurston
|
0-0: Swinging Strike 0-1: Called Strike 0-2: Foul Ball, location: 2F 0-2: Ball 1-2: Strikes out swinging
|
Batting: RHB Josh LeSage
|
0-0: Called Strike 0-1: DOUBLE (Line Drive, 78D, EV 101.9 MPH)
|
Batting: LHB Jayden Pelayo
|
0-0: Ball 1-0: Ball 2-0: Called Strike 2-1: Foul Ball, location: 2F 2-2: Ball 3-2: Foul Ball, location: 2F 3-2: Base on Balls
|
Batting: RHB Chris Prinzing
|
0-0: Swinging Strike 0-1: Fly out, F9 (Line Drive, 9, EV 91.9 MPH)
|
Bottom of the 7th over - 0 runs, 1 hit, 0 errors, 2 left on base; Oklahoma State University 4 - Clemson University 3 |
TOP OF THE 8TH |
Oklahoma State University Cowboys batting - Pitching for Clemson University Tigers : LHP Brian Anderson
|
Batting: RHB Ji-an See-to
|
0-0: Called Strike 0-1: SOLO HOME RUN (Flyball, 7D, EV 100.0 MPH), Distance : 367 ft
|
Batting: SHB Mel Gonzalez
|
0-0: Ball 1-0: Ball 2-0: Ball 3-0: Base on Balls
|
Batting: RHB Ben Saxton
|
0-0: Called Strike 0-1: Ball 1-1: Ball 2-1: Swinging Strike 2-2: Grounds into double play, 1-4-3 (Groundball, 15S, EV 64.4 MPH)
|
Batting: LHB Rafael Banda
|
0-0: Called Strike 0-1: Ball 1-1: Called Strike 1-2: Strikes out swinging
|
Top of the 8th over - 1 run, 1 hit, 0 errors, 0 left on base; Oklahoma State University 5 - Clemson University 3 |
BOTTOM OF THE 8TH |
Clemson University Tigers batting - Pitching for Oklahoma State University Cowboys : RHP Bin Li
|
Batting: RHB Jason Duncan
|
0-0: Ball 1-0: Foul Ball, location: 2F 1-1: Ball 2-1: Foul Ball, location: 2F 2-2: Ball 3-2: Base on Balls
|
Batting: LHB Alonzo Catalan
|
0-0: Called Strike 0-1: Ball 1-1: Called Strike 1-2: Ball Pickoff Throw to First - Out! 1-3 2-2: Strikes out swinging
|
Batting: LHB John Rumbolt
|
0-0: Fly out, F9 (Flyball, 89M, EV 86.2 MPH)
|
Bottom of the 8th over - 0 runs, 0 hits, 0 errors, 0 left on base; Oklahoma State University 5 - Clemson University 3 |
TOP OF THE 9TH |
Oklahoma State University Cowboys batting - Pitching for Clemson University Tigers : LHP Brian Anderson
|
Pitching: LHP Will West
|
|
Pinch Hitting: RHB Masakuni Takeuchi
|
0-0: Ground out 6-3 (Groundball, 6, EV 84.4 MPH)
|
Batting: LHB Vecdi Ertegun
|
0-0: Ground out 4-3 (Groundball, 4, EV 102.5 MPH)
|
Batting: RHB Pedro Luera
|
0-0: Ball 1-0: Ball 2-0: Called Strike 2-1: Ball 3-1: Swinging Strike 3-2: Foul Ball, location: 2F 3-2: Foul Ball, location: 2F 3-2: Strikes out swinging
|
Top of the 9th over - 0 runs, 0 hits, 0 errors, 0 left on base; Oklahoma State University 5 - Clemson University 3 |
BOTTOM OF THE 9TH |
Clemson University Tigers batting - Pitching for Oklahoma State University Cowboys : RHP Bin Li
|
Pitching: RHP Yorinobu Matsumoto
|
|
Now at 2B: Settan Nakamura
|
|
Batting: RHB Neal Perucci
|
0-0: Ball 1-0: Called Strike 1-1: Ball 2-1: Ball 3-1: Foul Ball, location: 2F 3-2: Ground out 4-3 (Groundball, 4S, EV 80.6 MPH)
|
Pinch Hitting: LHB David Mendez
|
0-0: DOUBLE (Line Drive, 7LM, EV 103.1 MPH)
|
Batting: RHB Ryan Thurston
|
0-0: Called Strike 0-1: Ball 1-1: Called Strike 1-2: Ball 2-2: Strikes out swinging
|
Batting: RHB Josh LeSage
|
0-0: Ball 1-0: Foul Ball, location: 2F 1-1: Foul Ball, location: 2F 1-2: Strikes out swinging
|
Bottom of the 9th over - 0 runs, 1 hit, 0 errors, 1 left on base; Oklahoma State University 5 - Clemson University 3 |
|